 Dungeon Crawl Stone Soup version 0.31-a0-675-g238779eb0a (webtiles) character file.

Game seed: 18292125845468959904

86 qw the Shooter (level 4, -2/28 HPs)
             Began as a Gargoyle Hunter on Sept 5, 2023.
             Killed by divine providence
             ... invoked by an orc priest
              (11 damage)
             ... on level 3 of the Dungeon.
             The game lasted 00:00:31 (895 turns).

qw the Shooter (Gargoyle Hunter)                     Turns: 895, Time: 00:00:32

Health: -2/28      AC:  8    Str: 15    XL:     4   Next: 49%
Magic:  4/4        EV: 11    Int:  9    God:
Gold:   80         SH:  0    Dex: 15    Spells: 3/3 levels left

rFire   . . .        Y - +0 shortbow
rCold   . . .        (shield currently unavailable)
rNeg    + . .        d - +0 ring mail
rPois   inf          (no helmet)
rElec   +            (no cloak)
rCorr   .            (no gloves)
SInv    .            (no boots)
Will    .....        (no amulet)
Stlth   +            (no ring)
HPRegen 0.24/turn    (no ring)
MPRegen 0.09/turn

%: no passive effects
@: no status effects
A: sickness immunity, AC +3, negative energy resistance 1, electricity
resistance, torment resistance 1, petrification resistance
a: no special abilities


You were on level 3 of the Dungeon.
You visited 1 branch of the dungeon, and saw 3 of its levels.

You collected 80 gold pieces.


Innate Abilities, Weirdness & Mutations

You are immune to sickness and miasma.
Your stone body is resilient. (AC +3)
You are immune to poison.
You resist negative energy. (rN+)
You are resistant to electric shocks. (rElec)
You are resistant to unholy torment.
You are immune to petrification.


   Skills:
 - Level 3.5 Fighting
 + Level 5.0 Ranged Weapons
 - Level 1.0 Armour
 - Level 1.5 Dodging
 - Level 1.1 Stealth


You had 3 spell levels left.
You didn't know any spells.
Your spell library was empty.

Inventory:

Hand Weapons
 Y - a +0 shortbow (weapon)
Armour
 a - a +0 pair of gloves
 d - a +0 ring mail (worn)
Scrolls
 b - a scroll of teleportation {unknown}
 f - a scroll of blinking {unknown}
 i - 2 scrolls of enchant armour
Potions
 c - a potion of mutation {unknown}
 e - a potion of heal wounds {unknown}
 g - a potion of lignification {unknown}
 j - a potion of enlightenment {unknown}
 l - 2 potions of brilliance {unknown}
 m - a potion of curing {unknown}

Dungeon Overview and Level Annotations

Branches:
Dungeon (2/15)

Altars:
Gozag


Message History

The orc priest invokes the aid of Beogh against you.
Pain shoots through your body!
You shoot an arrow.
The arrow hits the orc priest but does no damage.
You shoot an arrow. The arrow hits the orc priest.
The orc priest is lightly wounded.
The orc priest hits you with a +0 short sword.
You shoot an arrow.
The arrow hits the orc priest but does no damage.
The orc priest is lightly wounded.
The orc priest hits you but does no damage.
You shoot an arrow.
The arrow hits the orc priest but does no damage.
The orc priest is lightly wounded.
The orc priest closely misses you. x2
You shoot an arrow. The arrow barely misses the orc priest.
The orc priest hits you but does no damage.
You shoot an arrow. The arrow hits the orc priest.
The orc priest is moderately wounded.
The orc priest closely misses you.
You shoot an arrow.
The arrow hits the orc priest but does no damage.
The orc priest is moderately wounded.
The orc priest hits you but does no damage.
You shoot an arrow. The arrow barely misses the orc priest.
The orc priest hits you with a +0 short sword.
The orc priest calls down the wrath of Beogh upon you.
Beogh smites you!
You shoot an arrow.
The arrow closely misses the orc priest.
The orc priest calls down the wrath of Beogh upon you.
You are unaffected.
You shoot an arrow.
The arrow hits the orc priest but does no damage.
The orc priest is moderately wounded.
The orc priest hits you but does no damage.
You shoot an arrow. The arrow barely misses the orc priest.
The orc priest calls down the wrath of Beogh upon you.
Beogh smites you!
You die...

## ). #.# #. #.#
.# #. #.# .#
#.######.# .#
###.##.#...##.##.#
..o....).#.##.##.#
....##.#o..##.##.#
o #.##@###.##.##
#. #.........###
#. #####.#.....#
.. .....#.....# ##
####......#
#......# #......#
#..##### .....#


You could see an orc priest.

Vanquished Creatures
  An orc wizard (D:3)
  An adder (D:2)
  2 dart slugs (D:1)
  3 orcs (D:3)
  4 bats
  5 endoplasms (D:1)
  2 giant cockroaches
  2 hobgoblins (D:1)
  2 jackals (D:1)
  3 kobolds
  4 ball pythons
  3 frilled lizards
  8 goblins
  3 rats
43 creatures vanquished.

Notes
Turn   | Place    | Note
-------+----------+-------------------------------------------
     0 | D:1      | qw the Gargoyle Hunter began the quest for the Orb.
     0 | D:1      | Reached XP level 1. HP: 12/12 MP: 1/1
     0 | D:1      | 0 ||| qw: Version: 0.3-a-75-g829b12e
     0 | D:1      | 0 ||| qw: Game counter: 72
     0 | D:1      | 0 ||| qw: Melee chars always use a shield: true
     0 | D:1      | 0 ||| qw: God list: Okawaru
     0 | D:1      | 0 ||| qw: Allow faded altars: false
     0 | D:1      | 0 ||| qw: Do Orc after clearing Dungeon:15 true
     0 | D:1      | 0 ||| qw: Do second Lair branch before Depths: true
     0 | D:1      | 0 ||| qw: Lair rune preference: random
     0 | D:1      | 0 ||| qw: Goals: Normal
     0 | D:1      | 0 ||| PLANNING D:1-11
    43 | D:1      | 43 ||| Stepping ~*~*~tactically~*~*~ (outnumbered).
    61 | D:1      | Reached XP level 2. HP: 9/17 MP: 2/2
   170 | D:1      | Found a faded altar of an unknown god.
   272 | D:1      | Reached XP level 3. HP: 21/21 MP: 3/3
   328 | D:1      | Reached skill level 5 in Ranged Weapons
   530 | D:1      | 530 ||| UPGRADING to +0 ring mail.
   540 | D:1      | 540 ||| DROPPING +0 leather armour.
   541 | D:1      | 541 ||| READING scroll labelled ZANWEL JENOPRU.
   542 | D:1      | 542 ||| READING 2 scrolls labelled XEIRCH MYVU.
   543 | D:1      | 543 ||| READING 2 scrolls labelled NOPOTUNERR.
   544 | D:1      | 544 ||| DRINKING 2 green potions.
   545 | D:1      | 545 ||| DROPPING scroll of butterflies.
   546 | D:1      | 546 ||| DROPPING potion of attraction.
   547 | D:1      | 547 ||| DROPPING scroll of fear.
   621 | D:2      | Reached skill level 1 in Armour
   656 | D:2      | Found an opulent altar of Gozag.
   844 | D:2      | You fall into a shaft and drop 1 floor!
   874 | D:3      | Reached XP level 4. HP: 27/27 MP: 4/4
   878 | D:3      | 878 ||| Stepping ~*~*~tactically~*~*~ (retreating).
   880 | D:3      | 880 ||| Stepping ~*~*~tactically~*~*~ (retreating).
   882 | D:3      | Reached skill level 3 in Fighting
   895 | D:3      | Killed from afar by an orc priest

Levels and vault maps discovered:
D:1:      lightli_arrival_farm, layout_rooms,
          shapermc_ecumenical_altar_mp_urbaneastern, minmay_tetromino_i4
D:2:      layout_basic, basic_altar, st_stairs_3, eino_tiny_chamber
D:3:      layout_loops_ring, lemuel_flame_loot_1, uniq_terence

Skill      XL: |  1  2  3  4 |
---------------+-------------+-----
Ranged Weapons | 5 |  5.0
Armour         | 1 |  1.0
Fighting       | 3 |  3.5
Dodging        | |  1.5
Stealth        | |  1.1

Action                     |  1- 3 |  4- 6 || total
---------------------------+-------+-------++-------
   Fire: Shortbow          |   104 |    19 ||   123
    Use: Scroll            |     3 |       ||     3
         Potion            |     1 |       ||     1
 Armour: Leather armour    |    19 |       ||    19
         Ring mail         |     3 |     9 ||    12
  Dodge: Dodged            |    15 |     5 ||    20

Table legend:
 A = Non-vault XP
 B = Vault XP
 C = Vault XP percentage of total XP
 D = Non-vault monster count
 E = Vault monster count
 F = Vault count percentage of total count
                 A         B        C        D         E       F
            +---------+---------+-------+---------+---------+-------
      Total |     111 |      12 |   9.8 |      37 |       6 |  14.0
            +---------+---------+-------+---------+---------+-------
        D:1 |      44 |       9 |  17.0 |      25 |       4 |  13.8
        D:2 |      22 |       3 |  12.0 |       7 |       2 |  22.2
        D:3 |      45 |       0 |   0.0 |       5 |       0 |   0.0
            +---------+---------+-------+---------+---------+-------
